 Dungeon Crawl Stone Soup version 0.31-a0-631-g285b096dc4 (webtiles) character file.

Game seed: 15134760265595358644

4 MackTheKnife the Magician (level 1, 0/10 HPs)
             Began as a Deep Elf Wanderer on Aug 26, 2023.
             Slain by a hobgoblin (4 damage)
             ... on level 1 of the Dungeon.
             The game lasted 00:00:17 (117 turns).

MackTheKnife the Magician (Deep Elf Wanderer)        Turns: 117, Time: 00:00:17

Health: 0/10       AC:  2    Str: 10    XL:     1   Next: 50%
Magic:  5/9        EV: 11    Int: 19    God:
Gold:   11         SH:  0    Dex: 10    Spells: 11/12 levels left

rFire   . . .        a - +0 club {mace}
rCold   . . .        (no shield)
rNeg    . . .        d - +0 robe
rPois   .            (no helmet)
rElec   .            (no cloak)
rCorr   .            (no gloves)
SInv    .            (no boots)
Will    .....        (no amulet)
Stlth   +            (no ring)
HPRegen 0.21/turn    (no ring)
MPRegen 0.11/turn

%: no passive effects
@: no status effects
A: no striking features
a: no special abilities


You were on level 1 of the Dungeon.
You visited 1 branch of the dungeon, and saw 1 of its levels.

You collected 11 gold pieces.


   Skills:
 - Level 1.2 Dodging
 + Level 6.0 Spellcasting
 + Level 0.7 Ice Magic
 - Level 5.4 Evocations


You had 11 spell levels left.
You knew the following spells:

 Your Spells              Type           Power      Damage    Failure   Level
a - Freeze                Ice            32%        1d5       9%          1

Your spell library contained the following spells:

 Spells                   Type           Power      Damage    Failure   Level
 Kiss of Death            Conj/Necr      20%        2d7       11%         1
 Frozen Ramparts          Ice            16%        1d3       26%         3
 Ignite Poison            Fire/Tmut/Pois 5%         N/A       32%         3
 Simulacrum               Ice/Necr       3%         N/A       100%        6

Inventory:

Hand Weapons
 a - a +0 club (weapon) {mace}
Armour
 d - a +0 robe (worn)
Wands
 e - a wand of acid (4)
Scrolls
 g - a scroll of immolation {unknown}
Potions
 b - a potion of mutation {!q}
 c - a potion of heal wounds {@q2}
 f - a potion of invisibility {unknown}

Dungeon Overview and Level Annotations

Branches:
Dungeon (1/15) Zot: 5881

Altars:

####....###.##....#
#.....#+##.....####
#..........#####
#........###
#........#
#........#
#........#
#.....########
#.....@g......
#.............
###...........
#.$.........
############


You could see a hobgoblin.


Message History

You take 1 damage, and now have 9/10 hp.
You lost 1 mp, and now have 8/9 mp.
You freeze the endoplasm. The endoplasm freezes you.
You are frozen. 😮 HP[-3] MP[-1]
You take 3 damage, and now have 6/10 hp.
MASSIVE DAMAGE!! (PAUSE)
You lost 1 mp, and now have 7/9 mp.
You are too injured to fight recklessly!
You are too injured to fight recklessly!
Casting: Freeze (safe; 12% risk of failure)
Confirm with . or Enter, or press ? or * to list all spells.
Aiming: Freeze (safe; 12% risk of failure)
Press: ? - help, Shift-Dir - straight line, f/p - endoplasm
Aim: an endoplasm (heavily wounded)
You freeze the endoplasm. The endoplasm hits you.
* * * LOW HITPOINT WARNING * * *
😨 HP[-1] MP[-1]
You take 1 damage, and now have 5/10 hp.
You lost 1 mp, and now have 6/9 mp.
An endoplasm is nearby!
Casting: Freeze (safe; 12% risk of failure)
Confirm with . or Enter, or press ? or * to list all spells.
Aiming: Freeze (safe; 12% risk of failure)
Press: ? - help, Shift-Dir - straight line, f/p - endoplasm
Aim: an endoplasm (almost dead)
You freeze the endoplasm.
You kill the endoplasm! 😨 MP[-1]
You lost 1 mp, and now have 5/9 mp.
You start resting. 😎 HP[+5] MP[+2]
Your hp is fully restored (10).
You regained 2 mp, and now have 7/9 mp.
An endoplasm comes into view. 😎 MP[+2]
Your mp is fully restored (9).
An endoplasm is nearby!
An endoplasm is nearby!
An endoplasm is nearby!
An endoplasm is nearby!
The endoplasm quivers.
You hit the endoplasm. The endoplasm barely misses you.
Casting: Freeze (safe; 11% risk of failure)
Confirm with . or Enter, or press ? or * to list all spells.
Aiming: Freeze (safe; 11% risk of failure)
Press: ? - help, Shift-Dir - straight line, f - endoplasm
Aim: an endoplasm (severely wounded)
You freeze the endoplasm.
You kill the endoplasm! 😎 MP[-1]
You lost 1 mp, and now have 8/9 mp.
g - a scroll labelled BAUSTA NAPSU 😎 MP[+1]
Your mp is fully restored (9).
A quokka and a hobgoblin come into view.
There are monsters nearby!
There are monsters nearby!
There are monsters nearby!
The hobgoblin shouts!
The quokka bites you. 😮 HP[-3]
You take 3 damage, and now have 7/10 hp.
MASSIVE DAMAGE!! (PAUSE)
Casting: Freeze (safe; 10% risk of failure)
Confirm with . or Enter, or press ? or * to list all spells.
Aiming: Freeze (safe; 10% risk of failure)
Press: ? - help, Shift-Dir - straight line, f - quokka
Aim: a quokka You freeze the quokka.
The quokka bites you.
* * * LOW HITPOINT WARNING * * *
😨 HP[-3] MP[-1]
You take 3 damage, and now have 4/10 hp.
MASSIVE DAMAGE!! (PAUSE)
You lost 1 mp, and now have 8/9 mp.
Casting: Freeze (safe; 10% risk of failure)
Confirm with . or Enter, or press ? or * to list all spells.
Aiming: Freeze (safe; 10% risk of failure)
Press: ? - help, Shift-Dir - straight line, f/p - quokka
Aim: a quokka (moderately wounded)
You freeze the quokka. The quokka closely misses you. 😨 MP[-1]
You lost 1 mp, and now have 7/9 mp.
Casting: Freeze (safe; 10% risk of failure)
Confirm with . or Enter, or press ? or * to list all spells.
Aiming: Freeze (safe; 10% risk of failure)
Press: ? - help, Shift-Dir - straight line, f/p - quokka
Aim: a quokka (almost dead)
You freeze the quokka.
You kill the quokka!
Your Spellcasting skill increases to level 6! 😨 MP[-1]
You lost 1 mp, and now have 6/9 mp.
Casting: Freeze (safe; 9% risk of failure)
Confirm with . or Enter, or press ? or * to list all spells.
Aiming: Freeze (safe; 9% risk of failure)
Press: ? - help, Shift-Dir - straight line, f - hobgoblin
Aim: a hobgoblin You freeze the hobgoblin.
The hobgoblin hits you.
You die...

Skill      XL: |  1 |
---------------+----+-----
Spellcasting   | 6 |  6.0
Dodging        | |  1.2
Ice Magic      | |  0.7
Evocations     | |  5.4

Action                     || total
---------------------------++-------
  Melee: Club              ||     1
   Cast: Freeze            ||     9
  Dodge: Dodged            ||     2

Levels and vault maps discovered:
D:1:      heliophobic_arrival_dark_side_of_the_moon, layout_basic,
          hellmonk_ecumenical_altar_crossroads, serial_shops,
          nicolae_shop_real_fake_doors

Notes
Turn   | Place    | Note
-------+----------+-------------------------------------------
     0 | D:1      | MackTheKnife the Deep Elf Wanderer began the quest for the
                  | Orb.
     0 | D:1      | MackTheKnife set off with the following items: a +0 club
                  | {mace}, a potion of mutation {!q}, a potion of heal wounds
                  | {@q2}, a +0 robe, a wand of acid (4); and the following
                  | spell memorised: Freeze; and the following spells available
                  | to memorise: Frozen Ramparts.
     0 | D:1      | Reached XP level 1. HP: 10/10 MP: 9/9
     0 | D:1      | magus.rc [v1.9.6]
    24 | D:1      | You add the spells Kiss of Death, Ignite Poison and
                  | Simulacrum to your library.
    24 | D:1      | Got the Octavo of the Morbid Dose
   117 | D:1      | Reached skill level 6 in Spellcasting
   117 | D:1      | Slain by a hobgoblin

Vanquished Creatures
  2 endoplasms (D:1)
  A quokka (D:1)
3 creatures vanquished.

Table legend:
 A = Non-vault XP
 B = Vault XP
 C = Vault XP percentage of total XP
 D = Non-vault monster count
 E = Vault monster count
 F = Vault count percentage of total count
                 A         B        C        D         E       F
            +---------+---------+-------+---------+---------+-------
      Total |       6 |       0 |   0.0 |       3 |       0 |   0.0
            +---------+---------+-------+---------+---------+-------
        D:1 |       6 |       0 |   0.0 |       3 |       0 |   0.0
            +---------+---------+-------+---------+---------+-------

Skill      XL: |  1 |
---------------+----+-----
Spellcasting   | 6 |  6.0
Dodging        | |  1.2
Ice Magic      | |  0.7
Evocations     | |  5.4

Action                     || total
---------------------------++-------
  Melee: Club              ||     1
   Cast: Freeze            ||     9
  Dodge: Dodged            ||     2

Illustrated notes

Table legend:
 A = Kills in this place as a percentage of kills in the entire game.
 B = Kills by you in this place as a percentage of kills by you in the entire game.
 C = Kills by friends in this place as a percentage of kills by friends in the entire game.
 D = Other kills in this place as a percentage of other kills in the entire game.
 E = Experience gained in this place as a percentage of experience gained in the entire game.
 F = Experience gained in this place divided by the number of levels of this place that you have seen.
                   A       B       C       D       E      F
               +-------+-------+-------+-------+-------+----------------------
         Total | 100.0 | 100.0 |   N/A |   N/A | 100.0 |   6.0
       Dungeon | 100.0 | 100.0 |   N/A |   N/A | 100.0 |   6.0
               +-------+-------+-------+-------+-------+----------------------

Table legend: (Time is in decaauts)
 A = Elapsed time spent in this place.
 B = Non-inter-level travel time spent in this place.
 C = Inter-level travel time spent in this place.
 D = Time resting spent in this place.
 E = Time spent auto-exploring this place.
 F = Levels seen in this place.
 G = Mean time per level.
                   A        B        C        D        E       F      G
               +--------+--------+--------+--------+--------+-----+--------+
         Total |    117 |    117 |      0 |     20 |     74 |   1 |  117.0 |
       Dungeon |    117 |    117 |      0 |     20 |     74 |   1 |  117.0 |
               +--------+--------+--------+--------+--------+-----+--------+

Top non-repeatable levels by time:
     D:1: 117 daAuts
